 Dungeon Crawl Stone Soup version 0.31-a0-536-ga3e2962e35 (webtiles) character file.

Game seed: 5684447184911599791

95 Ethylacetat the Slasher (level 4, 0/30 HPs)
             Began as an Octopode Gladiator on Aug 13, 2023.
             Killed from afar by Natasha (8 damage)
             ... with a magic dart
             ... on level 2 of the Dungeon.
             The game lasted 00:01:19 (857 turns).

Ethylacetat the Slasher (Octopode Gladiator)         Turns: 857, Time: 00:01:21

Health: 0/30       AC:  1    Str: 13    XL:     4   Next: 65%
Magic:  4/4        EV: 14    Int: 10    God:
Gold:   61         SH:  0    Dex: 15    Spells: 3/3 levels left

rFire   . . .        a - +0 long sword
rCold   . . .        (no shield)
rNeg    . . .        b - +0 hat
rPois   .            (no amulet)
rElec   .            (no ring)
rCorr   .            (no ring)
SInv    .            (no ring)
Will    .....        (no ring)
Stlth   +++          (no ring)
HPRegen 0.25/turn    (no ring)
MPRegen 0.09/turn    (no ring)
                     (no ring)

%: no passive effects
@: no status effects
A: almost no armour, amphibious, 8 rings, camouflage 1, gelatinous body 1,
(nimble swimmer 1), tentacles
a: no special abilities


You were on level 2 of the Dungeon.
You visited 1 branch of the dungeon, and saw 2 of its levels.

You collected 61 gold pieces.

Inventory:

Hand Weapons
 a - a +0 long sword (weapon)
Missiles
 c - 3 throwing nets (quivered)
 d - a javelin
Armour
 b - a +0 hat (worn)
Scrolls
 e - a scroll of amnesia {unknown}
 f - a scroll of vulnerability {unknown}
 g - a scroll of identify {unknown}
 h - a scroll of revelation {unknown}
 j - a scroll of fear {unknown}
Potions
 i - a potion of magic {unknown}


   Skills:
 + Level 2.9 Fighting
 + Level 3.6 Long Blades
 - Level 2.0 Throwing
 + Level 3.6 Dodging
 + Level 2.7 Stealth


You had 3 spell levels left.
You didn't know any spells.
Your spell library contained the following spells:

 Spells                   Type           Power      Damage    Failure   Level
 Magic Dart               Conj           0%         1d3       36%         1
 Call Imp                 Summ           0%         N/A       50%         2
 Mephitic Cloud           Conj/Pois/Air  0%         N/A       75%         3


Dungeon Overview and Level Annotations

Branches:
Dungeon (2/15)

Altars:

Annotations:
D:2 Natasha


Innate Abilities, Weirdness & Mutations

You cannot wear most types of armour.
You are amphibious.
You can wear up to eight rings at the same time.
Your skin changes colour to match your surroundings (Stealth+).
Your rubbery body absorbs attacks. (AC +1, EV +1)
((You are camouflaged when in or above water. (Stealth+)))
You have tentacles for arms and can constrict up to eight enemies at once.


Message History

The bat closely misses you. The bat hits you but does no damage.
A bat is nearby!
You barely miss the bat. Your grab misses the bat. Your squeeze misses the bat.
The bat hits you. The bat completely misses you. The bat closely misses you.
A bat is nearby!
You closely miss the bat. You grab the bat. You constrict the bat.
The bat misses you. The bat hits you but does no damage.
A bat is nearby!
You hit the bat.
You kill the bat!
Key pressed, stopping explore.
No target in view!
Key pressed, stopping explore.
No target in view!
No target in view!
Found a stone staircase leading down.
No target in view!
Natasha, Servant of Life and Death comes into view.
An endoplasm comes into view.
There are monsters nearby!
You closely miss Natasha. Your grab misses Natasha. Natasha claws you!
There are monsters nearby!
You barely miss Natasha. Your grab misses Natasha. Natasha claws you!
Natasha casts a spell.
There are monsters nearby!
You are too injured to fight recklessly!
There are monsters nearby!
You are too injured to fight recklessly!
There are monsters nearby!
You are too injured to fight recklessly!
There are monsters nearby!
You closely miss Natasha. Your grab misses Natasha.
Your squeeze misses Natasha. Natasha completely misses you.
You barely miss Natasha. You grab Natasha.
You constrict Natasha, but do no damage.
The cerulean imp hits you from afar with a +3 spear!
* * * LOW HITPOINT WARNING * * *
Natasha stares at you and mumbles some strange words.
The magic dart hits you!
You die...

....†..#
#.#
.#######
#.# .#
##.# .#
#.## .#
#.# ..
#.## ..#
#####.#
..#
#.....#
#@###.#
.. #h#
#.# .♣
#5# #.#
♣. .>.
#.# .♣♣
... #.#
♣.♣♣
.......#
.♣♣♣♣).♣
..... .#
♣.....8♣
...J...
♣♣.⌠.._♣


You could see Natasha, a cerulean imp (summoned) and an endoplasm (asleep).

Vanquished Creatures
  Jessica (D:2)
  Natasha (D:2)
  A worm (D:2)
  A giant cockroach (D:1)
  4 goblins
  4 hobgoblins
  9 jackals
  6 kobolds
  3 quokkas
  3 ball pythons
  A bat (D:2)
  2 frilled lizards (D:1)
  3 rats (D:1)
39 creatures vanquished.

Notes
Turn   | Place    | Note
-------+----------+-------------------------------------------
     0 | D:1      | Ethylacetat the Octopode Gladiator began the quest for the
                  | Orb.
     0 | D:1      | Reached XP level 1. HP: 14/14 MP: 1/1
   178 | D:1      | Reached skill level 1 in Stealth
   178 | D:1      | Reached XP level 2. HP: 19/19 MP: 2/2
   547 | D:2      | Reached XP level 3. HP: 21/25 MP: 3/3
   671 | D:2      | Found a faded altar of an unknown god.
   671 | D:2      | Noticed Jessica
   680 | D:2      | Killed Jessica
   681 | D:2      | Reached XP level 4. HP: 29/30 MP: 4/4
   714 | D:2      | Noticed Natasha
   721 | D:2      | Killed Natasha
   852 | D:2      | Noticed Natasha
   857 | D:2      | Killed from afar by Natasha

Illustrated notes

Levels and vault maps discovered:
D:1:      lemuel_arrival_hallway, layout_basic
D:2:      layout_loops_ring, shapermc_ecumenical_altar_totnotflames,
          minmay_snake_closets, uniq_natasha, uniq_crazy_yiuf_cottage,
          uniq_jessica

Skill      XL: |  1  2  3 |
---------------+----------+-----
Stealth        | 1 2 |  2.7
Fighting       | |  2.9
Long Blades    | |  3.6
Throwing       | |  2.0
Dodging        | |  3.6

Action                     |  1- 3 |  4- 6 || total
---------------------------+-------+-------++-------
  Melee: Long sword        |    48 |    26 ||    74
         Constrict         |    12 |     8 ||    20
         Tentacles         |     9 |     2 ||    11
         Punch             |     1 |       ||     1
   Stab: Sleeping          |     5 |     2 ||     7
         Distracted        |     1 |       ||     1
 Armour: Skin              |     2 |     3 ||     5
  Dodge: Dodged            |    30 |    24 ||    54

Table legend: (Time is in decaauts)
 A = Elapsed time spent in this place.
 B = Non-inter-level travel time spent in this place.
 C = Inter-level travel time spent in this place.
 D = Time resting spent in this place.
 E = Time spent auto-exploring this place.
 F = Levels seen in this place.
 G = Mean time per level.
                   A        B        C        D        E       F      G
               +--------+--------+--------+--------+--------+-----+--------+
         Total |    873 |    866 |      7 |      0 |    623 |   2 |  436.5 |
       Dungeon |    873 |    866 |      7 |      0 |    623 |   2 |  436.5 |
               +--------+--------+--------+--------+--------+-----+--------+

Top non-repeatable levels by time:
     D:1: 542 daAuts
     D:2: 331 daAuts
